 Dungeon Crawl Stone Soup version 0.27-a0-828-g8289197e94 (webtiles) character file.

Game seed: 6876552319333795612

597 Charly the Changer (level 7, -1/72 HPs)
             Began as a Demonspawn Transmuter on Mar 30, 2021.
             Slain by a centaur warrior (3 damage)
             ... on level 5 of the Dungeon.
             The game lasted 00:24:49 (1940 turns).

Charly the Changer (Demonspawn Transmuter)          Turns: 1940, Time: 00:24:49

Health: -1/72      AC:  2    Str:  9 (10) XL:     7   Next: 17%
Magic:  0/11       EV: 19    Int: 13 (14) God:
Gold:   243        SH:  0    Dex: 17 (19) Spells: 2/12 levels left

rFire    . . .     SeeInvis .     - Unarmed
rCold    + . .     Faith    .   (shield currently unavailable)
rNeg     . . .     Spirit   +   (armour currently unavailable)
rPois    x         Reflect  .   (helmet currently unavailable)
rElec    .         Harm     .   (cloak currently unavailable)
rCorr    .         Rampage  .   (gloves currently unavailable)
Will     .....     Clarity  +   (boots currently unavailable)
Stlth    ..........             l - amulet of guardian spirit
HPRegen  0.22/turn              q - ring of protection from cold
MPRegen  0.12/turn              (no ring)

@: berserking, spider-form (expiring), attractive, very quick
A: venomous fangs, tiny, (antennae 1), demonic guardian 2, clarity, dopey 1
a: End Transformation


You were on level 5 of the Dungeon.
You were a venomous arachnid creature.
You visited 1 branch of the dungeon, and saw 5 of its levels.

You collected 243 gold pieces.

Inventory:

Hand Weapons
 b - a +2 scythe of venom
 m - a +3 dagger of venom (melded)
Missiles
 n - 6 poisoned darts (quivered)
Armour
 c - a +0 robe of cold resistance (melded)
 d - a +0 robe
 f - a +0 pair of gloves (melded)
 j - a +0 pair of boots (melded)
Jewellery
 l - an amulet of guardian spirit (around neck)
 q - a ring of protection from cold (left front leg)
Wands
 v - a wand of paralysis (9)
Scrolls
 e - a scroll of noise {unknown}
 g - a scroll of torment {unknown}
 k - a scroll of holy word {unknown}
 o - a scroll of teleportation {unknown}
 p - a scroll of enchant weapon {unknown}
 s - a scroll of immolation {unknown}
 u - a scroll of enchant armour {unknown}
Potions
 a - 4 potions of might
 t - a potion of attraction


   Skills:
 - Level 1.0 Fighting
 - Level 1.7 Dodging
 - Level 3.3 Unarmed Combat
 + Level 3.0 Spellcasting
 * Level 5.1 Transmutations
 * Level 1.9 Ice Magic
 - Level 3.3 Poison Magic


You had 2 spell levels left.
You knew the following spells:

 Your Spells              Type           Power      Damage    Failure   Level
b - Beastly Appendage     Tmut           30%        N/A       10%         1
w - Wereblood             Tmut           15%        N/A       13%         2
I - Ice Form              Ice/Tmut       11%        N/A       69%         4
S - Spider Form           Tmut/Pois      6%         N/A       28%         3

Your spell library contained the following spells:

 Spells                   Type           Power      Damage    Failure   Level
 Foxfire                  Conj/Fire      4%         2x1d4     43%         1
 Conjure Flame            Conj/Fire      1%         6-21      77%         3
 Inner Flame              Hex/Fire       1%         N/A       77%         3
 Hydra Form               Tmut           7%         N/A       80%         5
 Sticky Flame             Conj/Fire      1%         2d3       98%         4
 Fireball                 Conj/Fire      0%         3d3       100%        5


Dungeon Overview and Level Annotations

Branches:
Dungeon (5/15)
 Temple: D:4-7

Altars:
Dithmenos
Wu Jian
Yredelemnul

Annotations:
D:5 2 runed translucent doors, Edmund


Innate Abilities, Weirdness & Mutations

You are a venomous arachnid creature.
You have poisonous fangs.
You are tiny and dextrous.
Your spellcasting is less reliable in this form.
Your armour is entirely melded.
You are incapable of wielding weapons or throwing items.
((You have a pair of small antennae on your head.))
A demonic guardian rushes to your aid.
You possess an exceptional clarity of mind.
You are dopey. (Int -2)


Message History

You turn into a venomous arachnid creature.
Your +3 dagger of venom melds into your body.
Your +0 pair of gloves melds into your body.
Your +0 pair of boots melds into your body.
Your +0 robe of cold resistance melds into your body.
Your +3 dagger of venom stops dripping with poison.
You feel less resistant to cold.
Your transformation is almost over.
The white imp sputters.
The centaur warrior hits you.
* * * LOW HITPOINT WARNING * * *
The centaur warrior misses you. The phantom completely misses you.
Your rust devil hits the centaur warrior.
Your rust devil corrodes the centaur warrior!
A red film seems to cover your vision as you go berserk!
You feel yourself moving faster!
You feel mighty! The centaur warrior hits you!
* * * LOW HITPOINT WARNING * * *
The centaur warrior closely misses you. The phantom completely misses you.
Your rust devil hits the centaur warrior!
The centaur warrior seems to be corroded for longer.
The centaur warrior hits you but does no damage.
The centaur warrior completely misses you.
Unknown command.
You hit the centaur warrior.
The centaur warrior is poisoned.
The centaur warrior is moderately wounded.
The centaur warrior completely misses you.
The centaur warrior kicks you.
* * * LOW HITPOINT WARNING * * *
You hit the centaur warrior.
The centaur warrior looks as sick as possible!
The centaur warrior is moderately wounded.
The phantom misses you.
Your rust devil closely misses the centaur warrior.
Unknown command.
Unknown command.
You hit the centaur warrior.
The centaur warrior looks as sick as possible!
The centaur warrior is heavily wounded.
The centaur warrior misses you. The centaur warrior kicks you.
You die...

######
#.csW##
#.4###5# .#
#.## #l#....#
# #.##§#.#..#
##†#.#....#
#.(.##.....
#'###......
######......#
#8$[8##.[...#


You could see a centaur warrior (extremely poisoned, corroded, ally target), a
phantom, a white imp and a friendly rust devil (summoned).

Vanquished Creatures
  Blork the orc (D:4)
  A water moccasin zombie (D:3)
  A jelly (D:2)
  3 hounds (D:4)
  2 iguanas
  Natasha (thrice) (D:2)
  A scorpion zombie (D:3)
  Robin (D:3)
  2 adders
  A worm (D:2)
  6 dart slugs
  An orc (D:4)
  2 endoplasms (D:4)
  3 giant cockroaches
  16 goblins
  9 hobgoblins
  4 jackals (D:1)
  2 quokkas
  8 ball pythons
  A ball python zombie (D:3)
  8 bats
  4 frilled lizards
  5 kobolds
  3 rats
88 creatures vanquished.

Vanquished Creatures (collateral kills)
  Sigmund (D:2)
  A goblin (D:1)
2 creatures vanquished.

Grand Total: 90 creatures vanquished

Notes
Turn   | Place    | Note
-------+----------+-------------------------------------------
     0 | D:1      | Charly the Demonspawn Transmuter began the quest for the
                  | Orb.
     0 | D:1      | Reached XP level 1. HP: 15/15 MP: 3/3
   169 | D:2      | Reached skill level 2 in Transmutations
   304 | D:1      | Gained mutation: A weak demonic guardian rushes to your
                  | aid. [demonic ancestry]
   304 | D:1      | Reached XP level 2. HP: 12/21 MP: 5/5
   310 | D:1      | Learned a level 2 spell: Wereblood
   524 | D:1      | Reached XP level 3. HP: 26/26 MP: 6/6
   587 | D:2      | Learned a level 3 spell: Spider Form
   636 | D:2      | Reached skill level 3 in Transmutations
   636 | D:2      | Reached skill level 1 in Poison Magic
   636 | D:2      | Reached XP level 4. HP: 27/32 MP: 5/7
   793 | D:2      | Noticed Sigmund
  1067 | D:2      | Noticed Natasha
  1075 | D:2      | Killed Natasha
  1119 | D:2      | Noticed Natasha
  1128 | D:2      | Killed Natasha
  1129 | D:2      | Gained mutation: A demonic guardian rushes to your aid.
                  | [demonic ancestry]
  1129 | D:2      | Reached XP level 5. HP: 20/37 MP: 3/8
  1194 | D:2      | Killed Sigmund
  1195 | D:2      | Reached skill level 4 in Transmutations
  1223 | D:2      | Noticed Natasha
  1236 | D:2      | Killed Natasha
  1237 | D:2      | Gained mutation: You have a pair of small antennae on your
                  | head. [demonic ancestry]
  1237 | D:2      | Reached XP level 6. HP: 20/43 MP: 3/9
  1341 | D:4      | Noticed Blork the orc
  1408 | D:3      | Noticed Robin
  1428 | D:3      | Killed Robin
  1493 | D:3      | Found a shadowy altar of Dithmenos.
  1537 | D:3      | Found a basalt altar of Yredelemnul.
  1608 | D:4      | Learned a level 4 spell: Ice Form
  1631 | D:5      | Entered Level 5 of the Dungeon
  1675 | D:4      | Found an ornate altar of the Wu Jian Council.
  1688 | D:4      | Killed Blork the orc
  1699 | D:4      | Reached skill level 1 in Ice Magic
  1802 | D:4      | Reached skill level 5 in Transmutations
  1802 | D:4      | Reached XP level 7. HP: 37/48 MP: 5/11
  1875 | D:5      | Noticed Edmund
  1903 | D:5      | Found a large runed translucent door.
  1906 | D:5      | Found a large runed translucent door.
  1933 | D:5      | Noticed a centaur warrior
  1934 | D:5      | Gained mutation: You are dopey. (Int -2) [potion of
                  | mutation]
  1934 | D:5      | Gained mutation: You possess an exceptional clarity of
                  | mind. [potion of mutation]
  1938 | D:5      | HP: 2/72 [centaur warrior (2)]
  1940 | D:5      | Slain by a centaur warrior

Illustrated notes

Levels and vault maps discovered:
D:1:      nagdon_arrival_double_spiral, layout_basic, minmay_misc_feat_encased
D:2:      layout_loops_ring, minmay_ruptured, uniq_sigmund, uniq_natasha
D:3:      layout_loops_ring, nicolae_yredelemnul_corpse_copse,
          gammafunk_temple_overflow_statue, chequers_serial_rivers_micro_d,
          grunt_dithmenos_smoke_and_mirrors, uniq_robin
D:4:      layout_rooms, nicolae_overflow_crystal_walls, uniq_blork_the_orc,
          uniq_crazy_yiuf_cottage
D:5:      layout_loops_ring, minmay_temple_entry_antechambers,
          lightli_sewer_entry_pipes, minmay_hollow_rounded_squares, uniq_edmund,
          uniq_eustachio, uniq_duvessa

Skill      XL: |  1  2  3  4  5  6  7 |
---------------+----------------------+-----
Transmutations | 2 3 4 5 |  5.1
Unarmed Combat | 3 |  3.3
Poison Magic   | 1 2 3 |  3.3
Ice Magic      | 1 |  1.9
Spellcasting   | 3 |  3.0
Fighting       | |  1.0
Dodging        | |  1.7

Action                   |  1- 3 |  4- 6 |  7- 9 || total
-------------------------+-------+-------+-------++-------
Melee: Unarmed           |    53 |    58 |    17 ||   128
       Kick              |     9 |     4 |       ||    13
       Headbutt          |     1 |     2 |       ||     3
       Short sword       |     9 |    32 |       ||    41
       Dagger            |       |    75 |     4 ||    79
       Punch             |       |     1 |       ||     1
 Fire: Hunting sling     |    31 |       |       ||    31
 Cast: Beastly Appendage |     7 |     4 |       ||    11
       Wereblood         |     3 |     6 |       ||     9
       Spider Form       |       |     8 |     3 ||    11
 Abil: End Transformatio |       |     2 |       ||     2
  Use: Scroll            |       |     3 |     1 ||     4
       Potion            |       |     2 |     4 ||     6
 Stab: Sleeping          |       |     1 |     2 ||     3
Armor: Robe              |    22 |    21 |     2 ||    45
       Skin              |       |     4 |     2 ||     6
Dodge: Dodged            |    35 |   110 |    25 ||   170

Table legend: (Time is in decaauts)
 A = Elapsed time spent in this place.
 B = Non-inter-level travel time spent in this place.
 C = Inter-level travel time spent in this place.
 D = Time resting spent in this place.
 E = Time spent auto-exploring this place.
 F = Levels seen in this place.
 G = Mean time per level.
                   A        B        C        D        E       F      G
               +--------+--------+--------+--------+--------+-----+--------+
         Total |   1954 |   1954 |      0 |      0 |      0 |   5 |  390.8 |
       Dungeon |   1954 |   1954 |      0 |      0 |      0 |   5 |  390.8 |
               +--------+--------+--------+--------+--------+-----+--------+

Top non-repeatable levels by time:
     D:2: 549 daAuts
     D:1: 532 daAuts
     D:3: 518 daAuts
     D:4: 309 daAuts
     D:5: 43 daAuts
